 Dungeon Crawl Stone Soup version 0.30-a0-556-g0a0f5a245f (webtiles) character file.

Game seed: 6772056329434723669

815 M4edhros the Sneak (level 7, 0/46 HPs)
             Began as an Octopode Artificer on Dec 27, 2022.
             Slain by a lemure (3 damage)
             ... led by Pikel
             ... on level 6 of the Dungeon.
             The game lasted 00:04:10 (2493 turns).

M4edhros the Sneak (Octopode Artificer)             Turns: 2493, Time: 00:04:10

Health: 0/46       AC:  5    Str: 11    XL:     7   Next: 94%
Magic:  7/7        EV: 14    Int: 13    God:
Gold:   159        SH:  0    Dex: 15    Spells: 6/6 levels left

rFire   . . .      SeeInvis .      - Unarmed
rCold   . . .      Faith    .    (no shield)
rNeg    . . .      Spirit   .    (helmet restricted)
rPois   .          Reflect  .    (no amulet)
rElec   .          Harm     .    n - +4 ring of protection
rCorr   .          Rampage  .    (no ring)
Will    .....                    (no ring)
Stlth   ++++                     (no ring)
HPRegen 0.27/turn                (no ring)
MPRegen 0.10/turn                (no ring)
                                 (no ring)
                                 (no ring)

@: no status effects
A: almost no armour, amphibious, 8 rings, camouflage 1, gelatinous body 1,
(nimble swimmer 1), tentacles
a: no special abilities


You were on level 6 of the Dungeon.
You visited 1 branch of the dungeon, and saw 6 of its levels.

You collected 159 gold pieces.

Inventory:

Missiles
 j - 7 poisoned darts
 p - 3 datura-tipped darts
Jewellery
 n - a +4 ring of protection (left tentacle)
Wands
 c - a wand of charming (3)
 d - a wand of iceblast (5)
Scrolls
 a - a scroll of fear {unknown}
 e - 2 scrolls of silence {unknown}
 f - a scroll of torment {unknown}
 l - 3 scrolls of identify {unknown}
 o - a scroll of noise {unknown}
 r - a scroll of teleportation {unknown}
 s - a scroll of enchant weapon {unknown}
Potions
 g - 2 potions of lignification {unknown}
 h - a potion of berserk rage {unknown}
 i - 2 potions of brilliance {unknown}
 k - a potion of degeneration {unknown}
 m - a potion of heal wounds
 q - a potion of resistance {unknown}


   Skills:
 + Level 3.4 Fighting
 + Level 4.1 Dodging
 + Level 5.0 Stealth
 * Level 4.8 Unarmed Combat
 + Level 4.9 Evocations


You had 6 spell levels left.
You didn't know any spells.
Your spell library contained the following spells:

 Spells                   Type           Power      Damage    Failure   Level
 Blink                    Tloc           0%         N/A       43%         2
 Cigotuvi's Dreadful Rot  Necr/Pois/Air  0%         N/A       43%         2
 Vhi's Electric Charge    Tloc/Air       0%         N/A       67%         3
 Dispel Undead            Necr           0%         3d6       97%         4
 Manifold Assault         Tloc           0%         N/A       97%         4
 Arcjolt                  Conj/Air       0%         1d10      100%        5
 Death Channel            Necr           0%         N/A       100%        6
 Storm Form               Tmut/Air       0%         N/A       100%        7
 Maxwell's Capacitive Co  Air            0%         ∞         100%        8


Dungeon Overview and Level Annotations

Branches:
Dungeon (6/15)
 Temple: D:4-7

Altars:
Ashenzari
Uskayaw
Wu Jian

Annotations:
D:6 Prince Ribbit


Innate Abilities, Weirdness & Mutations

You cannot wear most types of armour.
You are amphibious.
You can wear up to eight rings at the same time.
Your skin changes colour to match your surroundings (Stealth+).
Your rubbery body absorbs attacks. (AC +1, EV +1)
((You are camouflaged when in or above water. (Stealth+)))
You have tentacles for arms and can constrict up to eight enemies at once.


Message History

The lemure is heavily wounded.
You constrict the lemure. The lemure hits you.
You tentacle-slap the lemure but do no damage.
The lemure is severely wounded.
You constrict the lemure. The lemure hits you.
You tentacle-slap the lemure.
The lemure is severely wounded.
You constrict the lemure. The lemure hits you but does no damage.
You tentacle-slap the lemure but do no damage.
You squeeze the lemure.
You kill the lemure!
That felt strangely unrewarding.
You swing at nothing.
You tentacle-slap the lemure but do no damage.
You grab the lemure.
You constrict the lemure, but do no damage.
The lemure closely misses you.
You tentacle-slap the lemure but do no damage.
You constrict the lemure, but do no damage.
The lemure barely misses you.
You tentacle-slap the lemure.
The lemure is lightly wounded.
You constrict the lemure. The lemure barely misses you.
You tentacle-slap the lemure but do no damage.
You squeeze the lemure.
The lemure is moderately wounded.
You constrict the lemure. The lemure hits you.
You tentacle-slap the lemure. You squeeze the lemure.
The lemure is severely wounded.
You constrict the lemure. The lemure hits you!
* * * LOW HITPOINT WARNING * * *
You tentacle-slap the lemure but do no damage.
The lemure is severely wounded.
You constrict the lemure. The lemure hits you.
* * * LOW HITPOINT WARNING * * *
You tentacle-slap the lemure but do no damage.
You squeeze the lemure.
The lemure is almost dead.
You constrict the lemure. The lemure hits you.
You die...

## #. #.##..###.
..# #.# #.##...##.
### #.# #.#
#.###..### .. #.#
#.# #.# #....# #.
#.#.#.# #.# ##.#.#
######.###.#.#.#
#.# #.#..
.............#.#
#.# #..>.
#.......###.# #.#
##...
#.#.###.5@..#####.#
#... #.
#.###.......# #...
.. #.# #.#######
#... .## #.. #.#
#... #. ### #.#
#... # #.# #... #.#
#... #.# #.#


You could see a lemure.

Vanquished Creatures
  Menkaure (D:5)
  A sky beast (D:6)
  3 lemures (D:6)
  2 necrophages (D:5)
  2 scorpions
  2 jellies (D:5)
  3 orc wizards
  9 gnolls (D:6)
  2 adders
  A shadow imp (D:6)
  A white imp (D:6)
  A dart slug (D:2)
  14 orcs
  2 ball pythons
  2 bats
  An endoplasm (D:4)
  A giant cockroach (D:1)
  5 goblins
  A hobgoblin (D:2)
  5 kobolds
  A quokka (D:4)
  A frilled lizard (D:2)
  A rat (D:1)
62 creatures vanquished.

Vanquished Creatures (collateral kills)
  An orc priest (D:5)
  3 orcs
4 creatures vanquished.

Vanquished Creatures (others)
  A scorpion (D:4)
  A hound (D:5)
  A gnoll bouda (D:6)
  An orc wizard (D:4)
  2 gnolls (D:6)
  5 plants (D:4)
11 creatures vanquished.

Grand Total: 77 creatures vanquished

Notes
Turn   | Place    | Note
-------+----------+-------------------------------------------
     0 | D:1      | M4edhros the Octopode Artificer began the quest for the
                  | Orb.
     0 | D:1      | Reached XP level 1. HP: 13/13 MP: 1/1
   174 | D:2      | Reached XP level 2. HP: 18/18 MP: 2/2
   183 | D:2      | Reached skill level 1 in Unarmed Combat
   272 | D:2      | Reached skill level 2 in Stealth
   348 | D:3      | Reached XP level 3. HP: 23/23 MP: 3/3
   399 | D:4      | Noticed a scorpion
   412 | D:4      | Killed a scorpion
   413 | D:4      | Reached XP level 4. HP: 22/29 MP: 4/4
   544 | D:4      | Found a hide-covered altar of Uskayaw.
   627 | D:4      | Noticed a scorpion
   637 | D:4      | Reached XP level 5. HP: 14/34 MP: 5/5
   641 | D:4      | Reached skill level 3 in Stealth
   860 | D:5      | Entered Level 5 of the Dungeon
   984 | D:5      | Reached XP level 6. HP: 13/41 MP: 6/6
  1333 | D:5      | Noticed Menkaure
  1338 | D:5      | Killed Menkaure
  1339 | D:5      | Reached skill level 4 in Stealth
  1339 | D:5      | Reached XP level 7. HP: 45/45 MP: 7/7
  1685 | D:6      | Found a broken altar of Ashenzari.
  1878 | D:6      | Noticed Prince Ribbit
  2096 | D:6      | Found an ornate altar of the Wu Jian Council.
  2155 | D:6      | Reached skill level 5 in Stealth
  2493 | D:6      | Slain by a lemure

Illustrated notes

Levels and vault maps discovered:
D:1:      heliophobic_arrival_henge, layout_basic,
          hellmonk_ecumenical_altar_watching_god
D:2:      minmay_door_path, layout_rooms
D:3:      layout_basic
D:4:      minmay_chambers_of_threes, layout_basic, zin_academy,
          eat_drink_and_be_merry_uskayaw, minmay_temple_entry_gardened_gates,
          uniq_blork_the_orc
D:5:      layout_rooms, uniq_menkaure, uniq_ijyb
D:6:      layout_basic, nicolae_ashenzari_panopticon,
          mainiacjoe_overflow_small_starburst, uniq_prince_ribbit1, uniq_pikel

Skill      XL: |  1  2  3  4  5  6  7 |
---------------+----------------------+-----
Unarmed Combat | 1 2 3 4 |  4.8
Stealth        | 2 3 4 5 |  5.0
Fighting       | 2 3 |  3.4
Dodging        | 3 4 |  4.1
Evocations     | 4 |  4.9

Action                   |  1- 3 |  4- 6 |  7- 9 || total
-------------------------+-------+-------+-------++-------
Melee: Unarmed           |    35 |    61 |   107 ||   203
       Constrict         |    12 |    17 |    24 ||    53
       Tentacles         |    10 |    10 |    37 ||    57
       Punch             |     1 |     4 |     4 ||     9
Evoke: Wand              |     3 |    13 |    11 ||    27
  Use: Potion            |     1 |     1 |       ||     2
 Stab: Sleeping          |     4 |     5 |     4 ||    13
Armor: Skin              |     3 |     6 |    21 ||    30
Dodge: Dodged            |    23 |    33 |    54 ||   110

Table legend: (Time is in decaauts)
 A = Elapsed time spent in this place.
 B = Non-inter-level travel time spent in this place.
 C = Inter-level travel time spent in this place.
 D = Time resting spent in this place.
 E = Time spent auto-exploring this place.
 F = Levels seen in this place.
 G = Mean time per level.
                   A        B        C        D        E       F      G
               +--------+--------+--------+--------+--------+-----+--------+
         Total |   2478 |   2372 |    106 |    619 |   1211 |   6 |  413.0 |
       Dungeon |   2478 |   2372 |    106 |    619 |   1211 |   6 |  413.0 |
               +--------+--------+--------+--------+--------+-----+--------+

Top non-repeatable levels by time:
     D:6: 901 daAuts
     D:5: 720 daAuts
     D:4: 490 daAuts
     D:1: 156 daAuts
     D:2: 153 daAuts
     D:3: 56 daAuts
